 Dungeon Crawl Stone Soup version 0.28-a0-1510-gd0f6b136d3 (webtiles) character file.

Game seed: 5813167945006513564

39 Lekart the Skirmisher (level 3, -2/31 (33) HPs)
             Began as a Draconian Abyssal Knight on Jan 15, 2022.
             Was a Believer of Lugonu.
             Slain by Crazy Yiuf (10 damage)
             ... on level 2 of the Dungeon.
             The game lasted 00:01:18 (1595 turns).

Lekart the Skirmisher (Draconian Abyssal Knight)    Turns: 1595, Time: 00:01:18

HP:   -2/31 (33)    AC:  5    Str: 13 (15) XL:     3   Next: 28%
MP:   3/4           EV: 12    Int:  7 (10) God:    Lugonu [**....]
Gold: 79            SH:  0    Dex: 10 (13) Spells: 2/2 levels left

rFire   . . .      SeeInvis .   a - +1 falchion
rCold   . . .      Faith    .   (no shield)
rNeg    . . .      Spirit   .   (armour unavailable)
rPois   .          Reflect  .   (helmet restricted)
rElec   .          Harm     .   (no cloak)
rCorr   .          Rampage  .   (no gloves)
Will    .....                   (no boots)
Stlth   +.........              (no amulet)
HPRegen 0.10/turn               (no ring)
MPRegen 0.09/turn               (no ring)

@: drained
A: AC +5, unfitting armour, cold-blooded
a: Renounce Religion, Depart the Abyss, Bend Space


You were on level 2 of the Dungeon.
You worshipped Lugonu.
Lugonu was pleased with you.
You visited 1 branch of the dungeon, and saw 3 of its levels.
You visited the Abyss 1 time.

You collected 79 gold pieces.

Inventory:

Hand Weapons
 a - a +1 falchion (weapon)
Scrolls
 b - a scroll of teleportation {unknown}
 d - 2 scrolls of immolation {unknown}
 f - a scroll of magic mapping {unknown}
 g - a scroll of fog {unknown}
 h - 2 scrolls of noise {unknown}
Potions
 e - a potion of brilliance {unknown}
 i - a potion of might {unknown}


   Skills:
 + Level 3.9 Fighting
 + Level 2.2 Long Blades
 + Level 2.6 Dodging
 + Level 0.8 Stealth
 * Level 2.2 Invocations


You had 2 spell levels left.
You didn't know any spells.
Your spell library contained the following spells:

 Spells                   Type           Power      Damage    Failure   Level
 Freeze                   Ice            0%         1d3       43%         1
 Frozen Ramparts          Ice            0%         1d2       80%         3
 Hailstorm                Conj/Ice       0%         3d3       99%         4


Dungeon Overview and Level Annotations

Branches:
Dungeon (3/15)

Altars:

Annotations:
D:2 Crazy Yiuf


Innate Abilities, Weirdness & Mutations

Your plain brown scales are hard. (AC +5)
You cannot fit into any form of body armour.
You are cold-blooded and may be slowed by cold attacks.


Message History

You slash the endoplasm!
You kill the endoplasm!
Lugonu accepts your kill.
No target in view!
HP restored.
Found a stone staircase leading up.
There is an open door here.
You see here the +6 shillelagh "Devastator" {shatter}.
Crazy Yiuf shouts!
You see here a +0 vorpal mace.
Crazy Yiuf yells, "Seed poople light!"
You see here a +0 mace.
You open the door. You slash Crazy Yiuf!
Crazy Yiuf is moderately wounded.
Crazy Yiuf hits you with a +2 quarterstaff of chaos.
You hit Crazy Yiuf but do no damage.
Crazy Yiuf is moderately wounded.
Crazy Yiuf says, "Hah testudinal foot!"
Crazy Yiuf hits you with a +2 quarterstaff of chaos!
You feel drained.
You closely miss Crazy Yiuf. You tail-slap Crazy Yiuf.
Crazy Yiuf is heavily wounded.
Crazy Yiuf misses you.
Crazy Yiuf hits you with a +2 quarterstaff of chaos!
You feel drained.
You hit Crazy Yiuf.
Crazy Yiuf is heavily wounded.
Crazy Yiuf hits you with a +2 quarterstaff of chaos.
* * * LOW HITPOINT WARNING * * *
You feel your power leaking away.
You closely miss Crazy Yiuf.
Crazy Yiuf is heavily wounded.
Crazy Yiuf barely misses you.
It was a potion of degeneration.
There was something very wrong with that liquid.
You feel weakened.
You feel dopey.
You feel clumsy.
Crazy Yiuf says, "I'm not crazy!"
Crazy Yiuf hits you with a +2 quarterstaff of chaos!
You die...

#..####....####.######..#
#..# ##..## #.# ##.# #..#
#....# ##.#######.# #..#
##.#.# #........... #.##
##)## ##.#######.# #.#
##.# ##.# #.# #######.##
#)## #..# #.# #........#
##.# #### #..
###........# #@## ##.
#.'........# #g# #.
#.#........# ...
###########. #.#........#
#.))# #...........
#.#........# #)..#
############ #.#.......##
##### #.....##
#.######### ##.....'. #.#
###### #......## #.#
#.##.# #......#


You could see Crazy Yiuf.

Vanquished Creatures
  A worm (D:2)
  A dart slug (D:2)
  3 endoplasms
  3 giant cockroaches
  5 goblins
  2 hobgoblins
  4 jackals (D:1)
  2 kobolds
  A ball python (D:2)
  3 bats
  3 frilled lizards
  3 rats
31 creatures vanquished.

Notes
Turn   | Place    | Note
-------+----------+-------------------------------------------
     0 | Abyss:1  | Lekart the Draconian Abyssal Knight began the quest for the
                  | Orb.
     0 | Abyss:1  | Reached XP level 1. HP: 19/19 MP: 2/2
    15 | D:1      | Escaped the Abyss
   191 | D:1      | Reached XP level 2. HP: 22/26 MP: 3/3
   530 | D:1      | You fall into a shaft and drop 1 floor!
   766 | D:2      | Reached XP level 3. HP: 31/33 MP: 4/4
   792 | D:2      | Reached ** piety under Lugonu
   876 | D:2      | Found the +6 shillelagh "Devastator" {shatter}
   879 | D:2      | Found a runed translucent door.
   880 | D:2      | Noticed Crazy Yiuf
  1595 | D:2      | Slain by Crazy Yiuf

Illustrated notes

Levels and vault maps discovered:
D:1:      saegor_arrival_simple_c, layout_loops_ring
D:2:      layout_basic, uniq_crazy_yiuf_cottage
D:3:      layout_loops_ring, hangedman_decor_push,
          chequers_serial_rivers_micro_b, grunt_ministairs_5

Action                   || total
-------------------------++-------
Melee: Falchion          ||    93
       Tailslap          ||     9
       Punch             ||     1
  Use: Potion            ||     1
 Stab: Sleeping          ||     3
Armor: Skin              ||    26
Dodge: Dodged            ||    58

Table legend: (Time is in decaauts)
 A = Elapsed time spent in this place.
 B = Non-inter-level travel time spent in this place.
 C = Inter-level travel time spent in this place.
 D = Time resting spent in this place.
 E = Time spent auto-exploring this place.
 F = Levels seen in this place.
 G = Mean time per level.
                   A        B        C        D        E       F      G
               +--------+--------+--------+--------+--------+-----+--------+
         Total |   1618 |   1587 |     31 |    153 |   1200 |   4 |  404.5 |
       Dungeon |   1603 |   1572 |     31 |    153 |   1193 |   3 |  534.3 |
         Abyss |     15 |     15 |      0 |      0 |      7 |   1 |   15.0 |
               +--------+--------+--------+--------+--------+-----+--------+

Top non-repeatable levels by time:
     D:2: 1072 daAuts
     D:1: 528 daAuts
 Abyss:1: 15 daAuts
     D:3: 1 daAuts
